Map: 16-Bit LE

Players

Armzfordays - Winner!

  • Race: Protoss Protoss
  • League: Platinum
  • Spawn Location: 7:00

ZoomingArrow

  • Race: Terran Terran
  • League: Gold
  • Spawn Location: 1:00

VOD

Have the link to the VOD?

Description

Time

  • Played on: July 14, 2018, 1:26 p.m.
  • Length: 46:08
Show
View Real Time Build Order
Export as new Build Order

Armzfordays Protoss - Winner!

Build Orders: 1 Gate Expand 

Get SALT Encoding   

  12  0:01  Probe  
  13  0:13  Probe  
  14  0:20  Pylon  
  14  0:25  Probe  
  15  0:38  Probe  
  15  0:39  Gateway  
  16  0:45  Assimilator  
  16  0:51  Probe  
  17  1:03  Probe  
  18  1:15  Probe  
  19  1:29  Nexus  
  19  1:41  Cybernetics Core  
  19  1:48  Probe  
  19  1:50  Warp Gate  
  19  1:53  Pylon  
  20  2:05  Assimilator  
  20  2:06  Probe  
  21  2:09  Adept  
  21  2:18  Probe  
  24  2:32  Probe  
  24  2:34  Stalker  
  26  2:47  Robotics Facility  
  26  2:50  Probe  
  27  2:56  Probe  
  26  3:04  Probe  
  28  3:18  Gateway  
  28  3:23  Gateway  
  28  3:34  Probe x2  
  30  3:46  Immortal  
  34  4:13  Immortal, Sentry  
  34  4:15  Sentry  
  38  4:19  Stalker  
  40  4:26  Probe  
  45  4:35  Pylon  
  45  4:36  Pylon  
  45  4:54  Stalker x2  
  45  4:55  Stalker  
  43  5:43  Probe x2  
  43  5:51  Probe x2  
  45  5:59  Probe x2  
  45  6:01  Robotics Bay  
  45  6:02  Robotics Facility  
  45  6:03  Gateway  
  47  6:06  Gateway  
  47  6:09  Probe  
  47  6:10  Probe  
  49  6:20  Pylon  
  49  6:21  Probe x2  
  51  6:29  Probe  
  51  6:31  Pylon  
  51  6:34  Probe  
  51  6:37  Probe  
  53  6:46  Probe  
  55  6:48  Probe  
  55  6:51  Stalker x2  
  55  6:52  Stalker  
  62  6:58  Probe  
  62  6:59  Assimilator  
  62  7:00  Probe  
  64  7:03  Assimilator  
  64  7:10  Probe  
  64  7:12  Probe, Forge  
  64  7:13  Forge  
  66  7:16  Colossus  
  66  7:22  Probe  
  73  7:24  Probe  
  74  7:32  Protoss Ground Weapons Level 1  
  74  7:33  Pylon  
  74  7:34  Pylon, Probe  
  74  7:35  Protoss Shields Level 1  
  74  7:36  Probe  
  76  7:38  Shield Battery  
  76  7:42  Shield Battery  
  76  7:46  Probe  
  76  7:48  Probe  
  78  7:52  Colossus  
  78  7:58  Probe  
  78  8:01  Probe  
  86  8:10  Probe  
  93  8:13  Probe  
  88  8:23  Zealot x3  
  94  8:42  Nexus  
  94  8:44  Twilight Council  
  94  9:00  Assimilator  
  94  9:02  Assimilator  
  94  9:09  Pylon  
  94  9:10  Pylon  
  94  9:11  Gateway, Blink  
  94  9:13  Gateway  
  94  9:26  Colossus  
  94  9:27  Colossus  
  106  9:37  Stalker x2  
  110  9:52  Pylon  
  110  10:01  Pylon x2  
  110  10:12  Extended Thermal Lance, Zealot  
  110  10:13  Zealot x3  
  118  10:20  Colossus  
  124  10:39  Probe x2  
  124  10:40  Probe  
  127  10:46  Protoss Ground Weapons Level 2  
  127  10:47  Protoss Shields Level 2  
  127  10:51  Probe  
  127  10:52  Probe, Adept x5  
  127  10:53  Adept x2  
  143  11:12  Charge  
  143  11:13  Stalker x2  
  143  11:14  Stalker  
  149  11:28  Pylon  
  149  11:30  Pylon  
  149  11:31  Pylon  
  149  11:32  Pylon  
  150  11:47  Observer  
  150  11:51  Zealot x2  
  150  11:52  Zealot x5  
  165  12:08  Observer  
  165  12:29  Pylon  
  166  12:30  Pylon, Observer  
  166  12:31  Pylon x2  
  166  12:37  Zealot x5  
  166  12:38  Zealot x2  
  180  12:45  Pylon  
  180  13:01  Nexus  
  180  13:03  Pylon  
  180  13:05  Pylon x2  
  180  13:07  Zealot x3  
  180  13:08  Zealot x3  
  192  13:28  Zealot  
  192  13:29  Zealot x3  
  192  13:31  Protoss Ground Weapons Level 3, Protoss Shields Level 3  
  195  13:42  Stalker x2  
  102  16:38  Zealot x2  
  102  16:39  Zealot x5  
  91  17:05  Zealot x5  
  91  17:06  Zealot  
  103  17:14  Assimilator  
  103  17:18  Assimilator  
  103  17:22  Photon Cannon  
  103  17:25  Photon Cannon  
  103  17:27  Photon Cannon  
  103  17:29  Zealot x4, Photon Cannon  
  111  17:30  Zealot x3  
  117  17:53  Nexus  
  117  17:54  Zealot x2  
  117  17:55  Zealot x5  
  117  17:56  Assimilator  
  131  18:00  Assimilator  
  131  18:03  Pylon x2  
  87  18:37  Zealot  
  87  18:38  Zealot x5  
  87  18:39  Zealot  
  95  18:49  Stargate  
  95  18:51  Stargate  
  95  18:53  Stargate  
  89  19:02  Zealot x3  
  93  19:03  Zealot x4  
  97  20:06  Zealot x5  
  107  20:07  Zealot  
  109  20:14  Fleet Beacon  
  109  20:45  Zealot x3  
  109  20:46  Zealot x4  
  109  20:49  Tempest  
  123  20:50  Tempest x2  
  141  21:20  Tempest x3  
  159  21:51  Tempest x3  
  177  22:34  Tempest x3  
  140  22:51  Zealot x3  
  140  22:52  Zealot x4  
  154  23:04  Colossus  
  154  23:17  Tempest x3  
  178  23:58  Colossus  
  178  23:59  Tempest  
  178  24:00  Tempest  
  184  27:42  Zealot  
  184  27:43  Zealot x5  
  184  27:44  Zealot  
  162  29:23  Tempest x3  
  156  29:56  Tempest x3  
  156  30:02  Pylon  
  156  30:03  Pylon  
  156  30:04  Pylon, Observer  
  156  30:05  Pylon  
  174  30:07  Nexus  
  174  30:16  Zealot x3  
  174  30:17  Zealot x4  
  188  30:39  Tempest x2  
  130  31:27  Tempest  
  136  32:18  Assimilator  
  136  32:19  Tempest  
  142  32:23  Assimilator  
  142  32:24  Pylon  
  142  32:26  Pylon  
  142  33:06  Tempest  
  148  34:05  Tempest x2  
  148  34:06  Tempest  
  166  35:30  Zealot  
  166  35:31  Zealot x5  
  178  37:00  Zealot x4  
  178  37:01  Zealot x3  
  166  42:13  Zealot x4  
  166  42:14  Zealot x3  
  154  43:43  Zealot x4  
  154  43:44  Zealot x3  
Show
View Real Time Build Order
Export as new Build Order

ZoomingArrow Terran 

Build Orders: Bio Tank 

Get SALT Encoding   

  12  0:01  SCV  
  13  0:13  SCV  
  14  0:19  Supply Depot  
  14  0:25  SCV  
  15  0:41  SCV  
  16  0:46  Barracks  
  16  0:53  SCV  
  17  1:05  SCV  
  18  1:14  Refinery  
  18  1:17  SCV  
  19  1:34  Marine  
  19  1:35  Orbital Command  
  20  1:40  Refinery  
  20  1:41  Supply Depot  
  20  1:56  Command Center  
  20  2:12  SCV  
  21  2:24  SCV  
  21  2:27  Factory  
  22  2:36  Barracks Reactor, SCV  
  23  2:48  SCV  
  24  3:00  SCV  
  25  3:12  SCV  
  26  3:17  Orbital Command  
  25  3:21  Starport  
  25  3:22  Marine x2  
  25  3:24  SCV  
  25  3:26  Factory Tech Lab  
  28  3:36  SCV  
  28  3:40  Marine x2  
  31  3:42  SCV  
  31  3:48  Siege Tank  
  35  3:49  SCV  
  35  3:54  SCV  
  37  3:58  Marine x2  
  37  4:01  SCV  
  40  4:07  SCV, Medivac  
  40  4:08  Supply Depot  
  43  4:11  Supply Depot  
  43  4:13  SCV  
  43  4:16  Marine x2  
  46  4:26  Supply Depot  
  46  4:28  Supply Depot  
  46  4:30  SCV x2, Siege Tank  
  51  4:34  Marine x2  
  53  4:42  SCV x2  
  55  4:45  Medivac  
  55  4:51  Marine x2  
  59  5:02  SCV x2, Siege Tank  
  64  5:09  Marine x2  
  64  5:10  Supply Depot  
  64  5:11  Supply Depot  
  66  5:14  SCV x2, Engineering Bay  
  66  5:18  Barracks  
  66  5:19  Barracks  
  66  5:20  Barracks  
  50  5:48  Marine  
  50  5:49  Marine  
  50  5:50  Orbital Command  
  50  6:06  Marine x2  
  50  6:08  SCV  
  50  6:10  Terran Infantry Weapons Level 1  
  53  6:12  Barracks Tech Lab  
  53  6:14  Barracks Reactor, Barracks Tech Lab  
  53  6:15  Siege Tank  
  53  6:18  SCV  
  57  6:20  SCV  
  58  6:30  SCV  
  58  6:32  Marine x2, SCV  
  62  6:41  Stimpack  
  62  6:42  Marauder x2  
  66  6:47  Siege Tank  
  66  6:49  Marine  
  66  6:50  Marine  
  66  6:52  SCV x2  
  66  6:53  Refinery  
  73  6:55  Refinery  
  73  7:02  Marine x2  
  73  7:03  Marauder x2  
  73  7:04  Combat Shields, SCV x2  
  73  7:07  Marine x2  
  83  7:12  Supply Depot  
  83  7:13  Supply Depot  
  83  7:16  SCV x2  
  83  7:19  Marine  
  83  7:20  Marine  
  87  7:24  Marine  
  87  7:25  Marine x2, Marauder  
  92  7:34  Supply Depot  
  92  7:35  SCV x2  
  94  7:37  Marine x2  
  94  7:42  Marauder  
  94  7:43  Marine x2  
  100  7:46  Marauder  
  100  7:47  SCV x2, Siege Tank  
  107  7:58  Supply Depot  
  107  7:59  SCV x2  
  107  8:04  Terran Infantry Armor Level 1, Marauder  
  69  8:05  Medivac  
  111  8:07  Marine x3  
  111  8:08  Marauder  
  118  8:17  Supply Depot  
  118  8:18  Supply Depot  
  118  8:19  SCV x2  
  120  8:25  Marauder  
  122  8:28  Concussive Shells  
  122  8:29  Supply Depot  
  122  8:31  Command Center, SCV x2  
  124  8:35  Marauder  
  124  8:38  Marine x2  
  124  8:39  Marine  
  129  8:47  Marauder  
  131  8:48  Armory  
  131  8:49  Engineering Bay  
  131  8:55  Marine  
  132  8:56  Marine x2, Marauder  
  132  8:58  SCV x2  
  138  9:08  Marauder  
  140  9:10  SCV x2  
  142  9:22  SCV, Marauder  
  145  9:28  Barracks  
  145  9:32  Factory  
  145  9:47  Barracks  
  145  9:48  Marine, Marauder x2  
  145  9:49  Marine x3  
  145  9:52  Siege Tank  
  156  9:53  SCV  
  156  9:54  SCV  
  158  10:03  Orbital Command  
  158  10:06  Terran Infantry Weapons Level 2, Marine  
  158  10:07  Marine x3  
  159  10:10  Marauder  
  159  10:11  Terran Infantry Armor Level 2  
  164  10:20  Marauder  
  166  10:23  Supply Depot  
  166  10:24  Supply Depot, Siege Tank  
  166  10:26  SCV x2, Supply Depot  
  166  10:27  Supply Depot  
  171  10:38  SCV  
  172  10:43  Supply Depot  
  172  10:50  SCV  
  172  10:51  SCV  
  172  10:52  Marine x2, Marauder x2  
  172  10:53  Marine x2  
  172  10:54  Terran Vehicle Weapons Level 1  
  182  10:59  Barracks Reactor  
  182  11:05  Barracks Reactor  
  182  11:10  Marine x3  
  182  11:11  Marine, Medivac, Siege Tank  
  189  11:13  Marauder  
  189  11:14  Marauder  
  189  11:16  Refinery  
  195  11:18  Refinery  
  195  11:43  Siege Tank  
  195  11:44  Marauder  
  192  13:55  Starport Reactor  
  190  13:59  Marine, Marauder x2  
  190  14:00  Marine x3  
  198  14:05  Terran Infantry Armor Level 3, Terran Infantry Weapons Level 3  
  198  14:07  Terran Vehicle And Ship Armor Level 1  
  198  14:13  SCV x2  
  183  15:49  SCV x3  
  186  16:01  SCV x3, Terran Ship Weapons Level 1  
  185  16:13  SCV x3  
  185  16:17  Marine, Marauder x2  
  185  16:18  Marine x4  
  152  16:19  Marine  
  152  16:21  Medivac x2, Siege Tank  
  152  16:25  SCV  
  115  16:35  Marine x2  
  115  16:36  Marine  
  115  16:38  Marauder  
  115  16:39  Marine x2, Marauder  
  116  16:40  Marine  
  115  16:51  Medivac x2  
  115  16:53  Siege Tank  
  122  17:00  Marauder x2  
  122  17:03  Barracks  
  122  17:06  Marine x4  
  122  17:07  Marine x2  
  128  17:21  Marauder x2, Medivac  
  134  17:24  Marine x5  
  134  17:28  Marine  
  140  17:30  Siege Tank  
  143  17:41  Marine  
  143  17:42  Marine x4  
  143  17:43  Marauder x2  
  152  17:45  Factory Tech Lab  
  152  18:02  Siege Tank  
  70  19:13  Marine x3, Marauder x2  
  70  19:14  Marine  
  70  19:15  Siege Tank  
  70  19:16  Medivac x2  
  85  19:31  Marine x3  
  85  19:32  Marine  
  85  19:34  Marauder x2  
  90  19:46  Medivac x2  
  90  19:48  Siege Tank  
  96  20:40  Marauder x2  
  96  20:41  Marine x4  
  96  20:42  Siege Tank  
  107  20:43  Medivac x2  
  107  20:46  SCV x2  
  113  20:58  SCV x2  
  113  20:59  Marine x3  
  113  21:01  Marauder  
  113  21:02  Marauder  
  122  21:11  Command Center  
  122  21:13  Medivac x2  
  122  21:14  Siege Tank  
  122  21:16  Marine x3  
  122  21:17  Marine  
  133  21:20  Building Armor  
  133  21:21  Terran Vehicle Weapons Level 2  
  133  21:23  Marauder x2  
  137  21:33  Marine  
  137  21:34  Marine x3  
  141  21:43  Medivac x2  
  141  21:44  Marauder x2  
  141  21:47  Siege Tank  
  152  21:51  Orbital Command  
  152  21:52  SCV  
  152  21:53  SCV  
  154  21:55  Marine x4  
  158  22:06  Marauder x2  
  162  22:13  Marine x3  
  159  22:32  Marine x2, Marauder x2  
  150  22:44  Marine  
  150  22:45  Marine  
  150  22:46  Siege Tank  
  150  22:50  Marine x2  
  151  22:52  SCV x2  
  151  22:53  Marauder x2  
  157  22:59  Medivac x2  
  157  23:02  Planetary Fortress  
  161  23:08  Refinery  
  161  23:09  Refinery  
  161  23:14  Marauder  
  161  23:15  Barracks Reactor, Marauder  
  161  23:17  Barracks Reactor  
  161  23:18  Siege Tank  
  168  23:22  Marine x4  
  168  23:25  SCV x3  
  175  23:35  Medivac x2  
  175  23:36  Marauder x2  
  175  23:37  Factory Tech Lab, SCV x3, Terran Vehicle And Ship Armor Level 2  
  175  23:39  Marine  
  175  23:40  Marine x2  
  189  23:46  Orbital Command  
  189  24:05  Medivac x2  
  173  24:40  Marine x5, Marauder x2  
  173  24:41  Marine  
  171  24:58  Marine x6  
  171  24:59  Marine x2  
  171  25:01  Marauder x2  
  168  25:15  Marine  
  168  25:16  Marine x3  
  169  25:22  Marauder  
  169  25:23  Marauder  
  169  25:30  Marine x2  
  169  25:31  Marine  
  169  25:33  Marine x2  
  169  25:34  Marine x2  
  168  25:44  Marauder x2  
  168  25:48  Marine x3  
  165  25:51  Marine x3  
  165  25:52  Marine  
  165  25:53  Terran Ship Weapons Level 2  
  161  26:05  Marauder x2  
  161  26:06  Marine x3, SCV  
  161  26:07  SCV  
  161  26:09  Marine x4  
  173  26:14  Missile Turret  
  172  26:18  SCV  
  172  26:19  SCV  
  172  26:21  Missile Turret  
  172  26:24  Marine x2  
  172  26:27  Marauder x2  
  172  26:31  Marine x3  
  173  26:45  Marine  
  174  26:48  Marauder x2  
  176  27:04  Barracks  
  176  27:07  Barracks  
  174  27:14  Marauder  
  169  27:27  Marine x6  
  173  27:33  Siege Tank  
  173  27:35  Marauder  
  170  27:44  Marine  
  170  27:45  Marine x4  
  170  27:56  Marauder  
  170  27:58  Marine  
  170  28:02  Marine x3  
  164  28:18  Marauder  
  162  28:34  Marine  
  162  28:35  Marine x5  
  162  28:39  Marauder  
  163  28:52  Marine x2  
  163  28:53  Marine  
  161  29:01  Marauder  
  145  29:22  Marauder  
  139  29:36  Command Center  
  139  29:45  Marine x4, Marauder  
  142  29:50  Barracks Reactor  
  145  30:06  Marauder  
  101  31:12  Marine x4  
  101  31:13  Marine x6  
  93  31:29  Marine x2  
  93  31:30  Marine x4  
  93  31:31  Marine, Marauder  
  99  31:58  Marine  
  99  31:59  Marine x5  
  102  32:13  Factory  
  99  32:16  Marine x2  
  99  32:17  Marine x2  
  99  32:18  Marauder  
  99  32:20  Marine  
  102  32:30  SCV x2  
  99  32:39  Marine x2, Marauder  
  99  32:42  SCV  
  104  32:44  Marine  
  104  32:45  Marine x2  
  104  32:57  Marine x2  
  104  33:00  Starport, Marauder  
  106  33:24  Marine x2, Marauder  
  106  33:25  Marine  
  103  33:42  Marine x2  
  103  33:45  Marine  
  105  34:00  Marine x2  
  105  34:03  Marine  
  106  34:12  Viking  
  106  34:15  Factory Tech Lab  
  101  34:38  Marine x2  
  95  34:42  Viking  
  98  34:47  Barracks Reactor  
  97  34:55  Marine  
  97  34:56  Marine  
  99  35:05  Orbital Command  
  99  35:06  Command Center  
  99  35:09  Supply Depot x2  
  99  35:21  Command Center  
  63  36:02  Supply Depot  
  63  36:04  Supply Depot  
  63  36:23  Marine x2, SCV x2, Medivac  
  63  36:25  Marine x2  
  69  36:29  Engineering Bay  
  69  36:30  SCV  
  72  36:35  SCV x2  
  74  36:41  Marine x2  
  74  36:44  Orbital Command, Marine  
  77  36:53  SCV, Medivac  
  80  36:55  Supply Depot  
  80  36:56  Marine, Supply Depot  
  80  36:59  Marine x2  
  83  37:01  Marine  
  83  37:05  SCV  
  85  37:17  Marine x3, SCV x2  
  85  37:18  Supply Depot x2  
  85  37:19  Marine, Supply Depot  
  91  37:23  Medivac  
  91  37:26  Siege Tank  
  91  37:29  SCV  
  97  37:31  SCV x2  
  97  37:34  Marine x2  
  97  37:36  Marine  
  101  37:37  Marine  
  99  37:51  SCV x2  
  99  37:52  Marine x2  
  99  37:53  Marine, Medivac  
  99  37:58  Marine, Siege Tank  
  110  38:09  Barracks  
  110  38:10  Marine x2  
  110  38:11  Marine, Barracks  
  113  38:14  Supply Depot  
  113  38:15  Supply Depot  
  113  38:20  Supply Depot  
  86  39:15  Barracks Reactor  
  85  39:25  Marine x3, Siege Tank, Medivac  
  93  39:36  Command Center  
  81  39:57  Marine x2  
  78  40:02  Marine x2  
  78  40:07  SCV  
  78  40:09  SCV  
  74  40:15  Marine x2  
  74  40:33  Supply Depot  
  74  40:37  Supply Depot  
  74  40:40  Supply Depot  
  74  40:42  Supply Depot  
  70  40:50  Planetary Fortress  
  64  41:02  Marine x2, SCV  
  64  41:03  Hi-Sec Auto Tracking  
  63  41:25  SCV  
  60  41:44  Supply Depot  
  60  41:50  Missile Turret  
  60  41:52  Missile Turret x2  
  60  41:53  Missile Turret  
  59  41:54  Missile Turret x2  
  59  41:55  Missile Turret  
  54  42:02  Missile Turret  
  54  42:06  Missile Turret x4  
  54  42:08  Missile Turret x3  
  48  42:10  Missile Turret  
  48  42:14  Missile Turret x2  
  41  42:15  Missile Turret  
  41  42:17  Missile Turret  
  41  42:18  Missile Turret  
  41  42:19  Missile Turret  
  41  42:20  Missile Turret x2  
  41  42:21  Missile Turret  
  36  42:25  Missile Turret x3  
  34  42:32  Missile Turret  
  30  43:47  Command Center  
Tags
 
Composition
Bio Tank
Matchup
PvT
Spawn Locations
Cross Positions
Add a new tag
Caveats
  • Supply blocks, unpowered buildings, or Contaminate may cause inaccurate times.
  • Supply counts are checked every 10 seconds.